 Dungeon Crawl Stone Soup version 0.32-a0-999-gfa1cc04b1d (webtiles) character file.

Game seed: 7561766505099774704

313 chippings the Poker (level 6, -1/52 HPs)
             Began as a Draconian Wanderer on Apr 25, 2024.
             Slain by Edmund
             ... wielding a +1 flail of protection
              (6 damage)
             ... on level 4 of the Dungeon.
             The game lasted 00:08:44 (3030 turns).

chippings the Poker (Draconian Wanderer)            Turns: 3030, Time: 00:08:45

Health: -1/52      AC:  6    Str: 14    XL:     6   Next: 19%
Magic:  0/10       EV: 10    Int: 15    God:
Gold:   115        SH:  0    Dex: 10    Spells: 7/11 levels left

rFire   . . .        a - +2 spear
rCold   . . .        (no shield)
rNeg    + . .        (body armour unavailable)
rPois   .            (helmet restricted)
rElec   .            (no cloak)
rCorr   .            (no gloves)
SInv    .            (no boots)
Will    .....        (no amulet)
Stlth   +            k - ring of positive energy
HPRegen 0.28/turn    (no ring)
MPRegen 0.12/turn

%: no passive effects
@: brilliant, about to teleport, attractive, hasted, very quick
A: AC +6, unfitting armour, cold-blooded
a: no special abilities


You were on level 4 of the Dungeon.
You visited 1 branch of the dungeon, and saw 4 of its levels.

You collected 206 gold pieces.
You spent 91 gold pieces at shops.

Inventory:

Hand Weapons
 a - a +2 spear (weapon)
Missiles
 b - 32 poisoned darts (quivered)
Jewellery
 k - a ring of positive energy (left hand)
Scrolls
 c - a scroll of poison
 f - a scroll of vulnerability
Potions
 d - 2 potions of brilliance
 h - a potion of mutation
 j - a potion of curing


   Skills:
 + Level 3.8 Fighting
 - Level 4.0 Polearms
 - Level 2.6 Throwing
 + Level 3.2 Spellcasting
 + Level 4.0 Ice Magic
 + Level 0.6 Air Magic


You had 7 spell levels left.
You knew the following spells:

 Your Spells              Type           Power      Damage    Failure   Level
a - Freeze                Ice            84%        1d9       3%          1
b - Frozen Ramparts       Ice            42%        1d7       12%         3

Your spell library contained the following spells:

 Spells                   Type           Power      Damage    Failure   Level
 Kiss of Death            Conj/Necr      12%        2d6       21%         1
 Blink                    Tloc           6%         N/A       30%         2
 Lesser Beckoning         Tloc           6%         N/A       30%         2
 Momentum Strike          Conj/Tloc      6%         3d8       30%         2
 Call Canine Familiar     Summ           3%         N/A       52%         3
 Confusing Touch          Hex            3%         N/A       52%         3
 Maxwell's Portable Pile  Tloc           3%         2d(5-14)  52%         3
 Sigil of Binding         Hex            3%         N/A       52%         3
 Tukima's Dance           Hex            3%         N/A       52%         3
 Dimensional Bullseye     Hex/Tloc       1%         N/A       89%         4
 Dispel Undead            Necr           3%         3d7       89%         4
 Iskenderun's Mystic Bla Conj/Tloc 3%             2d3        (+2d1     89%         4
 Magnavolt                Erth/Air       2%         3d9       100%        7
 Maxwell's Capacitive Co  Air            3%         ∞         100%        8


Dungeon Overview and Level Annotations

Branches:
Dungeon (4/15)
 Temple: D:4-7

Altars:

Shops:
D:2 !   D:3 :?

Annotations:
D:4 Edmund; theodolus's ghost, novice DsFi


Innate Abilities, Weirdness & Mutations

Your plain brown scales are hard. (AC +6)
You cannot fit into any form of body armour.
You are cold-blooded and may be slowed by cold attacks.


Message History

Edmund is almost dead.
The wall freezes Edmund but does no damage.
Edmund hits you with a +1 flail of protection.
You hit Edmund but do no damage.
Edmund is almost dead.
The wall freezes Edmund but does no damage.
Edmund hits you but does no damage.
You closely miss Edmund.
Edmund is almost dead.
The wall freezes Edmund but does no damage.
Edmund closely misses you.
You hit Edmund but do no damage.
Edmund is almost dead.
You barely miss Edmund.
Edmund is almost dead.
The frozen ramparts melt away.
Edmund hits you with a +1 flail of protection!
You feel clever all of a sudden. Edmund hits you but does no damage.
Casting: Frozen Ramparts (dangerous; 12% risk of failure)
Confirm with . or Enter, or press ? or * to list all spells.
Aiming: Freeze (safe; 3% risk of failure)
Press: ? - help, Shift-Dir - straight line, f - Edmund
Aim: Edmund, wielding a +1 flail of protection and wearing a +0 ring mail (almost dead)
You feel a surge of power!
You freeze Edmund.
Edmund is almost dead.
Edmund barely misses you.
You feel yourself speed up.
Edmund hits you with a +1 flail of protection!
* * * LOW HITPOINT WARNING * * *
Edmund attacks as he pursues you! Edmund closely misses you.
Edmund is attracted toward you. Edmund attacks as he pursues you!
Edmund hits you with a +1 flail of protection.
* * * LOW HITPOINT WARNING * * *
As you read the scroll of teleportation, it crumbles to dust.
You feel strangely unstable.
Edmund hits you with a +1 flail of protection.
You die...
Edmund says, "That'll show my brother!"

#......................###
####.#############.......#######
#####.### #.###.#........
........# ##.###.#.#######
#####...# #........# ##..#
#..####..# #..# #..# #..## #
#..##########..####...######
#..........@@§§.......#.....
#.##########..###.......#### #.#
#..# #........... #.#
#..###.......#### #.#
#..#.......### #.#
#....#####...# #.#
#..###...###....
#.##########.##....... ##...
#.......)<)).#.W.###Z.. .#


You could see Edmund.

Vanquished Creatures
  A howler monkey (D:4)
  Natasha (thrice) (D:2)
  Robin (D:4)
  8 adders
  4 dart slugs
  4 ribbon worms
  4 orcs (D:3)
  11 ball pythons
  5 endoplasms
  4 giant cockroaches
  18 goblins
  8 hobgoblins
  4 jackals (D:1)
  2 quokkas
  3 bats
  9 frilled lizards
  8 kobolds
  6 rats
103 creatures vanquished.

Notes
Turn   | Place    | Note
-------+----------+-------------------------------------------
     0 | D:1      | chippings the Draconian Wanderer began the quest for the
                  | Orb.
     0 | D:1      | chippings set off with the following items: a +2 spear, 12
                  | poisoned darts, a +0 dagger, a potion of brilliance; and
                  | the following spell memorised: Freeze; and the following
                  | spells available to memorise: Frozen Ramparts.
     0 | D:1      | Reached XP level 1. HP: 14/14 MP: 2/2
   152 | D:1      | Reached XP level 2. HP: 22/22 MP: 3/3
   154 | D:1      | Reached skill level 1 in Fighting
   345 | D:1      | Reached XP level 3. HP: 25/28 MP: 5/5
   787 | D:2      | Found a faded altar of an unknown god.
   939 | D:2      | Reached XP level 4. HP: 37/37 MP: 3/7
  1090 | D:2      | Noticed Natasha
  1105 | D:2      | Killed Natasha
  1121 | D:2      | Learned a level 3 spell: Frozen Ramparts
  1293 | D:2      | Noticed Natasha
  1304 | D:2      | Killed Natasha
  1305 | D:2      | Reached XP level 5. HP: 22/45 MP: 4/8
  1338 | D:2      | Noticed Natasha
  1352 | D:2      | Killed Natasha
  1459 | D:2      | Found Remopt's Distillery.
  1462 | D:2      | Bought a potion of heal wounds for 55 gold pieces
  2390 | D:3      | Found Conuthru's Magic Scroll Boutique.
  2395 | D:3      | Bought a scroll of teleportation for 36 gold pieces
  2439 | D:3      | Found Fuizaorio's Book Shoppe.
  2749 | D:4      | Noticed Robin
  2755 | D:4      | Noticed theodolus's ghost (novice DsFi)
  2760 | D:4      | Noticed an ice beast
  2762 | D:4      | Reached XP level 6. HP: 41/52 MP: 4/10
  2762 | D:4      | Killed Robin
  2983 | D:4      | Noticed Edmund
  3030 | D:4      | Slain by Edmund

Illustrated notes

Levels and vault maps discovered:
D:1:      minmay_arrival_loop, layout_basic
D:2:      cheibrodos_old_hovel, layout_rooms, serial_shops, shop,
          hellmonk_ecumenical_altar_heavens_door, minmay_heptomino_w4,
          uniq_natasha
D:3:      wander_river, layout_loops_corners, serial_shops,
          nicolae_shop_rolling_square, shop_coins, grunt_ministairs_9
D:4:      layout_loops_ring, zin_scriptorium, gammafunk_ghost_icy, uniq_edmund,
          uniq_robin, uniq_pikel

Skill      XL: |  1  2  3  4  5  6 |
---------------+-------------------+-----
Fighting       | 1 2 3 |  3.8
Spellcasting   | 2 3 |  3.2
Ice Magic      | 3 4 |  4.0
Polearms       | |  4.0
Throwing       | |  2.6
Air Magic      | |  0.6

Action                     |  1- 3 |  4- 6 || total
---------------------------+-------+-------++-------
  Melee: Spear             |   140 |   188 ||   328
         Tailslap          |    18 |    20 ||    38
   Cast: Freeze            |     5 |    16 ||    21
         Frozen Ramparts   |       |     9 ||     9
    Use: Scroll            |       |     7 ||     7
         Potion            |       |     6 ||     6
   Stab: Sleeping          |     1 |     1 ||     2
 Armour: Skin              |    70 |   113 ||   183
  Dodge: Dodged            |    41 |    68 ||   109

Table legend: (Time is in decaauts)
 A = Elapsed time spent in this place.
 B = Non-inter-level travel time spent in this place.
 C = Inter-level travel time spent in this place.
 D = Time resting spent in this place.
 E = Time spent auto-exploring this place.
 F = Levels seen in this place.
 G = Mean time per level.
                   A        B        C        D        E       F      G
               +--------+--------+--------+--------+--------+-----+--------+
         Total |   3028 |   2953 |     75 |    100 |   1895 |   4 |  757.0 |
       Dungeon |   3028 |   2953 |     75 |    100 |   1895 |   4 |  757.0 |
               +--------+--------+--------+--------+--------+-----+--------+

Top non-repeatable levels by time:
     D:3: 1179 daAuts
     D:2: 878 daAuts
     D:1: 695 daAuts
     D:4: 275 daAuts
